 Dungeon Crawl Stone Soup version 0.17-a0-2217-ga280b8d (webtiles) character file.

357 Clownie the Cudgeler (level 6, -4/47 HPs)
             Began as a Demonspawn Chaos Knight on Oct 28, 2015.
             Slain by a fire crab (glowing shapeshifter) (8 damage)
             ... on level 4 of the Dungeon.
             The game lasted 00:07:10 (3257 turns).

Clownie the Cudgeler (Demonspawn Chaos Knight)      Turns: 3257, Time: 00:07:11

Health: -4/47      AC:  6    Str: 15    XL:     6   Next: 37%
Magic:  15/15      EV: 11    Int: 13    God:    Xom [....*.]
Gold:   244        SH:  0    Dex: 12    Spells: 0 memorised, 5 levels left

rFire  . . .     SeeInvis .     a - +0 mace (chaos)
rCold  + . .     Clarity  .     b - +2 leather armour
rNeg   . . .     SustAt   .     (no shield)
rPois  .         Gourm    .     v - +1 hat
rElec  .         Spirit   .     (no cloak)
rCorr  .         Warding  .     (no gloves)
rMut   .         Stasis   .     (no boots)
MR     .....                    (no amulet)
Stlth  ++........               o - ring of protection from cold
                                s - ring of magical power

@: not resistant to hostile enchantments, unstealthy
A: antennae 1, nightstalker 1, powered by death 1
a: Renounce Religion


You were on level 4 of the Dungeon.
You worshipped Xom.
You were a beloved toy of Xom.
You were hungry.

You visited 1 branch of the dungeon, and saw 4 of its levels.

You collected 244 gold pieces.

Inventory:

Hand Weapons
 a - a +0 mace of chaos (weapon)
Armour
 b - a +2 leather armour (worn)
 v - a +1 hat (worn)
Jewellery
 o - a ring of protection from cold (right hand)
 s - a ring of magical power (left hand)
Wands
 d - a wand of invisibility (6)
 k - a wand of cold (4)
Scrolls
 e - a scroll of amnesia
 h - 2 scrolls of remove curse
 m - a scroll of teleportation {unknown}
 p - a scroll of fog
 t - a scroll of recharging {unknown}
 w - a scroll of enchant weapon {unknown}
Potions
 i - a potion of brilliance
 l - a potion of berserk rage {unknown}
 n - a potion of haste
 q - a potion of heal wounds
 u - a potion of poison
Comestibles
 c - 2 bread rations
 f - 4 meat rations
 j - 5 beef jerkies
 r - a chunk of flesh


   Skills:
 - Level 3.0 Fighting
 + Level 6.6 Maces & Flails
 - Level 1.7 Armour
 - Level 0.8 Dodging


You had 5 spell levels left.
You didn't know any spells.

Dungeon Overview and Level Annotations

Branches:
Dungeon (4/15)
 Temple: D:4-7

Altars:
Trog


Innate Abilities, Weirdness & Mutations

You have a pair of small antennae on your head.
You are slightly more attuned to the shadows.
You regenerate a little health from kills.


Message History

The plant looks rather confused. x3
You are now a beloved toy of Xom.
The plant seems less confused.
The kobold hits the kobold with a dagger.
The kobold hits the kobold.
The kobold hits the plant but does no damage. x2
The kobold hits the fire crab but does no damage.
It was a potion of curing.
You feel better.
The kobold seems less confused.
The kobold seems less confused. x2
The plant seems less confused. x2
The kobold hits the plant but does no damage. x2
Something hits the plant but does no damage.
The kobold hits the plant but does no damage. x2
The fire crab bites you.
You are engulfed in flames!
* * * LOW HITPOINT WARNING * * *
The fire crab claws you!
* * * LOW HITPOINT WARNING * * *
You are engulfed in flames!
You die...
Xom giggles madly! #.# #.# .P #.## . .P #..### .. .## ##...# ..K♣PP## ♣.#.# ..KKKKP##

.P.#.#
.KKKPtPP####.#.#
♣@♣♣ ##.#.##
♣).♣♣.#.#..#
#....♣#..#.#
##♣P.).(.#.#
##PP...#.# ##
###...#.# #.
##..#.# #.
...#.# #. ##.#.#
#.


You could see a fire crab shaped shifter (confused) and 8 kobolds.

Vanquished Creatures
  2 orc wizards
  Robin (D:3)
  9 adders
  An ooze (D:3)
  An adder skeleton (D:4)
  2 worms
  2 giant geckos (D:2)
  13 orcs
  4 giant cockroaches
  10 goblins (D:3)
  8 hobgoblins
  2 jackals (D:3)
  10 kobolds
  5 bats
  2 giant newts (D:2)
  6 rats
78 creatures vanquished.

Vanquished Creatures (collateral kills)
  An ice beast (D:3)
  An orc priest (D:4)
  An orc wizard (D:4)
  2 kobolds
  A plant (D:4)
6 creatures vanquished.

Grand Total: 84 creatures vanquished

Notes
Turn   | Place    | Note
--------------------------------------------------------------
     0 | D:1      | Clownie the Demonspawn Chaos Knight began the quest for the Orb.
     0 | D:1      | Reached XP level 1. HP: 18/18 MP: 1/1
   458 | D:1      | XOM: divination: detect creatures
   533 | D:2      | XOM: stealth player
   544 | D:2      | Gained mutation: You regenerate a little health from kills. [demonic ancestry]
   544 | D:2      | Reached XP level 2. HP: 24/24 MP: 2/2
   756 | D:2      | Gained mutation: You are slightly more attuned to the shadows. [demonic ancestry]
   756 | D:2      | Reached XP level 3. HP: 29/29 MP: 3/3
   799 | D:2      | XOM: harmless Fire miscast
   820 | D:2      | Reached skill level 4 in Maces & Flails
  1216 | D:2      | XOM: harmless Conj miscast
  1237 | D:2      | XOM: divination: detect creatures
  1265 | D:2      | Reached XP level 4. HP: 35/35 MP: 4/4
  1392 | D:3      | XOM: stealth player
  1644 | D:3      | XOM: divination: magic mapping
  1744 | D:3      | Noticed Robin
  1753 | D:3      | Gained mutation: You have sharp fingernails. [potion of beneficial mutation]
  1756 | D:3      | Gained mutation: Your magical capacity is low (-10% MP). [potion of mutation]
  1756 | D:3      | Lost mutation: Your magical capacity is low (-10% MP). [potion of mutation]
  1756 | D:3      | Gained mutation: Your muscles are strong. (Str +2) [potion of mutation]
  1757 | D:3      | Gained mutation: Armour fits poorly on your strangely shaped body. [potion of mutation]
  1757 | D:3      | Gained mutation: Your body sometimes deteriorates upon taking damage. [potion of mutation]
  1759 | D:3      | Lost mutation: Your body sometimes deteriorates upon taking damage. [potion of cure mutation]
  1759 | D:3      | Lost mutation: Your muscles are strong. (Str +2) [potion of cure mutation]
  1759 | D:3      | Lost mutation: Armour fits poorly on your strangely shaped body. [potion of cure mutation]
  1759 | D:3      | Lost mutation: You have sharp fingernails. [potion of cure mutation]
  1797 | D:3      | Killed Robin
  1797 | D:3      | Reached skill level 5 in Maces & Flails
  1993 | D:3      | Found a bloodstained altar of Trog.
  2106 | D:3      | Noticed an ice beast
  2109 | D:3      | XOM: summons friendly iron imp
  2121 | D:3      | XOM: confuse monster(s)
  2123 | D:3      | XOM: enchant monster (good)
  2125 | D:3      | Killed an ice beast
  2125 | D:3      | Gained mutation: You have a pair of small antennae on your head. [demonic ancestry]
  2125 | D:3      | Reached XP level 5. HP: 16/41 MP: 5/5
  2187 | D:3      | XOM: confuse monster(s)
  2199 | D:3      | Reached skill level 6 in Maces & Flails
  2552 | D:4      | XOM: stealth player
  2563 | D:4      | Reached XP level 6. HP: 29/47 MP: 6/6
  2647 | D:4      | XOM: silly message
  2721 | D:4      | XOM: harmless Chrm miscast
  3238 | D:4      | XOM: chaos upgrade
  3249 | D:4      | Noticed a blink frog
  3249 | D:4      | a big kobold changed into a blink frog
  3249 | D:4      | XOM: chaos upgrade
  3249 | D:4      | a blink frog changed into a black bear
  3252 | D:4      | XOM: silly message
  3253 | D:4      | Noticed a black mamba
  3253 | D:4      | a black bear changed into a black mamba
  3255 | D:4      | Noticed a fire crab
  3255 | D:4      | a black mamba changed into a fire crab
  3256 | D:4      | XOM: confuse monster(s)
  3257 | D:4      | Slain by a fire crab (glowing shapeshifter)

Vault maps used:
D:1:      eino_arrival_cavern_c
D:3:      bloody_trog, uniq_robin
D:4:      kennysheep_kobold_camp

Action                   |  1- 3 |  4- 6 || total
-------------------------+-------+-------++-------
Melee: Mace              |    89 |   224 ||   313
  Use: Potion            |       |    11 ||    11
       Scroll            |       |     4 ||     4
 Stab: Sleeping          |     2 |     3 ||     5
       Confused          |       |     3 ||     3
       Distracted        |       |     1 ||     1
       Petrifying        |       |     1 ||     1
  Eat: Chunk             |     1 |     5 ||     6
       Pizza             |       |     1 ||     1
